 Dungeon Crawl Stone Soup version 0.18-a0-1542-g9c1a92e (webtiles) character file.

209 Tomstefer the Poker (level 5, -1/50 HPs)
             Began as a Naga Berserker on Mar 10, 2016.
             Was a Priest of Trog.
             Slain by an orc (4 damage)
             ... on level 4 of the Dungeon.
             The game lasted 00:06:08 (2492 turns).

Tomstefer the Poker (Naga Berserker)                Turns: 2492, Time: 00:06:09

Health: -1/50      AC: 10    Str: 20    XL:     5   Next: 87%
Magic:  5/5        EV:  6    Int:  7    God:    Trog [***...]
Gold:   135        SH:  0    Dex: 11    Spells: 0 memorised, 4 levels left

rFire  . . .     SeeInvis +     j - +0 halberd
rCold  . . .     Gourm    .     d - +0 chain mail
rNeg   . . .     Faith    .     (shield currently unavailable)
rPois  +         Spirit   .     r - +0 helmet
rElec  .         Dismiss  .     g - +1 cloak
rCorr  .         Reflect  .     m - +0 pair of gloves
SustAt .         Harm     .     (no barding)
MR     .....                    (no amulet)
Stlth  ..........               (no ring)
                                (no ring)

@: exhausted, slowed, very slow, not resistant to hostile enchantments,
extremely unstealthy
A: see invisible, deformed body, poison resistance, slowness 2, slow metabolism
1, spit poison 2, AC +1
a: Spit Poison, Berserk, Trog's Hand, Burn Spellbooks, Renounce Religion


You were on level 4 of the Dungeon.
You worshipped Trog.
Trog was most pleased with you.
You were very hungry.

You visited 1 branch of the dungeon, and saw 4 of its levels.

You collected 135 gold pieces.

Inventory:

Hand Weapons
 a - a +0 spear
 j - a +0 halberd (weapon)
Armour
 d - a +0 chain mail (worn)
 g - a +1 cloak (worn)
 m - a +0 pair of gloves (worn)
 r - a +0 helmet (worn)
Wands
 e - a wand of digging (14/24)
Scrolls
 b - a scroll of identify
 f - a scroll of recharging
 h - a scroll of enchant armour
 o - a scroll of magic mapping
Potions
 i - 2 potions of curing
 k - a potion of flight {unknown}
 l - a potion of berserk rage
Comestibles
 c - a bread ration
 p - 2 fruits


   Skills:
 + Level 4.0 Fighting
 * Level 5.4 Polearms
 + Level 2.0 Armour
 - Level 1.5 Dodging


You had 4 spell levels left.
You didn't know any spells.

Dungeon Overview and Level Annotations

Branches:
Dungeon (4/15)
 Temple: D:4-7

Altars:
Ru
Vehumet


Innate Abilities, Weirdness & Mutations

You cannot wear boots.
Your serpentine skin is tough (AC +1).
You have supernaturally acute eyesight.
Armour fits poorly on your strangely shaped body.
Your system is resistant to poisons.
You cover ground very slowly.
You have a slow metabolism.
You can spit poison.


Message History

The orc wizard is moderately wounded.
The orc hits you but does no damage.
The orc wizard hits you but does no damage.
You puncture the orc wizard!
The orc wizard is almost dead.
You are no longer berserk.
You are exhausted.
You feel yourself slow down.
You are feeling very hungry.
The orc hits you with a flail.
* * * LOW HITPOINT WARNING * * *
The orc hits you but does no damage.
You barely miss the orc wizard.
The orc wizard is almost dead.
The orc wizard hits you with a dagger.
* * * LOW HITPOINT WARNING * * *
The orc hits you with a flail.
* * * LOW HITPOINT WARNING * * *
The orc hits you.
You die...

##### #.# #.#.## #.#
##.#..## #.# # ##..##..##
###.. ##.
##...###..#####.... ....
##....###....#......
.....#.....##.......##...
.......oo...........#....
.......)@................
.......)o................
..........#..............
.........................
.........................
......#....(.............
......##............ ..
...... ##...... .


You could see an orc wizard (invisible) and 2 orcs.

Vanquished Creatures
  2 orc wizards
  Robin (D:3)
  3 adders
  3 gnolls (D:3)
  A worm (D:3)
  4 dart slugs
  A giant gecko (D:3)
  10 orcs
  5 giant cockroaches
  14 goblins
  6 hobgoblins
  4 kobolds
  A ball python (D:2)
  3 bats
  2 giant newts
  5 rats
65 creatures vanquished.

Notes
Turn   | Place    | Note
--------------------------------------------------------------
     0 | D:1      | Tomstefer the Naga Berserker began the quest for the Orb.
     0 | D:1      | Reached XP level 1. HP: 21/21 MP: 1/1
   421 | D:1      | Reached XP level 2. HP: 26/28 MP: 2/2
   894 | D:2      | Reached XP level 3. HP: 34/34 MP: 3/3
   939 | D:2      | Reached skill level 4 in Polearms
  1230 | D:2      | Reached ** piety under Trog
  1396 | D:3      | Noticed Robin
  1417 | D:3      | Reached XP level 4. HP: 42/42 MP: 4/4
  1450 | D:3      | Killed Robin
  1834 | D:3      | Found a sacrificial altar of Ru.
  1834 | D:3      | Found a radiant altar of Vehumet.
  1892 | D:3      | Reached skill level 5 in Polearms
  1892 | D:3      | Reached XP level 5. HP: 50/50 MP: 5/5
  2176 | D:3      | Reached *** piety under Trog
  2485 | D:4      | Received a gift from Trog
  2492 | D:4      | Slain by an orc

Vault maps used:
D:1:      nicolae_arrival_memento_mori
D:3:      gammafunk_temple_overflow_wave, uniq_robin
D:4:      first_bread, hangedman_abyss_or_decor_stabs, minmay_misc_feat_square,
          uniq_sigmund

Skill      XL: |  1  2  3  4  5 |
---------------+----------------+-----
Polearms       | 4 5 |  5.4
Fighting       | 4 |  4.0
Armour         | 2 |  2.0
Dodging        | |  1.5

Action                   |  1- 3 |  4- 6 || total
-------------------------+-------+-------++-------
Melee: Spear             |   104 |    72 ||   176
       Halberd           |       |    70 ||    70
Invok: Berserk           |     1 |     2 ||     3
 Abil: Spit Poison       |     1 |     1 ||     2
  Use: Scroll            |     8 |     1 ||     9
  Eat: Chunk             |       |     6 ||     6
